 Dungeon Crawl Stone Soup version 0.25-a0-865-gd392131cc7 (webtiles) character file.

Game seed: 8017299614635526567, levelgen mode: deterministic

25 Chiseanne the Grasshopper (level 3, -5/33 HPs)
             Began as a Naga Warper on Apr 30, 2020.
             Slain by Sigmund
             ... wielding a +0 scythe
              (13 damage)
             ... on level 2 of the Dungeon.
             The game lasted 00:03:04 (350 turns).

Chiseanne the Grasshopper (Naga Warper)              Turns: 350, Time: 00:03:04

Health: -5/33      AC:  4    Str: 13    XL:     3   Next: 6%
Magic:  4/6        EV: 10    Int: 13    God:
Gold:   34         SH:  0    Dex: 11    Spells: 4/6 levels left

rFire    . . .     SeeInvis +   a - +0 falchion
rCold    . . .     Gourm    .   (no shield)
rNeg     + . .     Faith    .   i - +2 robe {rN+}
rPois    +         Spirit   .   (no helmet)
rElec    .         Reflect  .   (no cloak)
rCorr    .         Harm     .   (no gloves)
MR       .....                  (no barding)
Stlth    +.........             (no amulet)
HPRegen  0.11/turn              (no ring)
MPRegen  0.10/turn              (no ring)

@: confused, short of breath, very slightly contaminated, very slow
A: large, see invisible, deformed body, poison resistance, slowness 2, slow
metabolism 1, spit poison 1, AC +1
a: Spit Poison


You were on level 2 of the Dungeon.
You were not hungry.

You visited 1 branch of the dungeon, and saw 2 of its levels.

You collected 34 gold pieces.

Inventory:

Hand Weapons
 a - a +0 falchion (weapon)
Missiles
 c - 37 stones (quivered)
 h - 21 bolts
Armour
 i - a +2 robe of positive energy (worn)
Jewellery
 g - an uncursed amulet of guardian spirit {unknown}
Comestibles
 b - 4 chunks of flesh
 f - 3 rations


   Skills:
 * Level 2.5 Fighting
 - Level 2.0 Long Blades
 - Level 0.8 Throwing
 - Level 0.7 Armour
 * Level 2.0 Dodging
 * Level 2.4 Spellcasting
 * Level 3.1 Translocations


You had 4 spell levels left.
You knew the following spells:

 Your Spells              Type           Power        Failure   Level  Hunger
a - Blink                 Tloc           N/A          11%         2    ###....

Your spell library contained the following spells:

 Spells                   Type           Power        Failure   Level  Hunger
 Shroud of Golubria       Chrm/Tloc      #.....       21%         2    ###....
 Gell's Gravitas          Tloc           #.........   21%         3    ###....
 Lesser Beckoning         Tloc           #.........   21%         3    ###....
 Teleport Other           Tloc           #.......     21%         3    ###....
 Passage of Golubria      Tloc           N/A          56%         4    #####..


Dungeon Overview and Level Annotations

Branches:
Dungeon (1/15)

Altars:

Annotations:
D:2 Sigmund


Innate Abilities, Weirdness & Mutations

You cannot wear boots.
Your serpentine skin is tough. (AC +1)
You have supernaturally acute eyesight. (SInv)
Armour fits poorly on your strangely shaped body.
Your system is resistant to poisons. (rPois)
You cover ground very slowly.
You have a slow metabolism.
You can spit poison.


Message History

Sigmund is moderately wounded.
You feel slightly more hungry. Sigmund closely misses you.
Casting: Blink (safe; 11% risk of failure)
Confirm with . or Enter, or press ? or * to list all spells.
You blink.
Throwing (i - inventory)
c - 37 stones (quivered)
Press: ? - help, Shift-Dir - straight line, f/p - Sigmund
Aim: Sigmund, wielding a +0 scythe and wearing a +0 robe (moderately wounded)
Okay, then.
You have got your breath back.
Press: ? - help, Shift-Dir - straight line, f/p - Sigmund
Aim: Sigmund, wielding a +0 scythe and wearing a +0 robe (moderately wounded)
The splash of poison misses Sigmund.
You feel slightly more hungry.
Sigmund says, "Your kind have come here before.
I understand now why.
You desire death..."
Sigmund gestures at you while chanting.
You are confused.
You're too confused to cast spells.
You bump into the rock wall.
Sigmund hits you from afar with a +0 scythe!
You die...

#########
#.......#
#.......#
#.....[.#
#.......#
#.......#
#.......#
#@.@..†.#
####.......#
#..........#
#...####...#
+... +.(.#
#... #...#
#... #...#
#... #...#.#
#...#.#


You could see Sigmund.

Vanquished Creatures
  A gnoll (D:1)
  An ooze (D:1)
  A giant cockroach (D:1)
  A goblin (D:1)
  3 hobgoblins
  A bat (D:1)
  A frilled lizard (D:1)
  A kobold (D:1)
  2 rats (D:2)
12 creatures vanquished.

Notes
Turn   | Place    | Note
-------+----------+-------------------------------------------
     0 | D:1      | Chiseanne the Naga Warper began the quest for the Orb.
     0 | D:1      | Reached XP level 1. HP: 19/19 MP: 3/3
     6 | D:1      | Noticed a seven-headed hydra
     6 | D:1      | Noticed a swamp worm
     7 | D:1      | Noticed a polar bear
     7 | D:1      | Noticed an anaconda
    62 | D:1      | Reached XP level 2. HP: 22/27 MP: 5/5
   158 | D:1      | Learned a level 2 spell: Blink
   291 | D:1      | You fall into a shaft and drop 1 floor!
   304 | D:2      | Reached XP level 3. HP: 29/33 MP: 6/6
   309 | D:2      | Noticed Sigmund
   343 | D:2      | HP: 1/33 [Sigmund/puff of flame (4)]
   350 | D:2      | Slain by Sigmund

Levels and vault maps discovered:
D:1:      onia_arrival_zoo_common, layout_basic, st_stairs_7
D:2:      layout_basic, grunt_temple_overflow_open,
          nicolae_overflow_crystal_walls, lightli_temple_of_fire,
          overflow_temple_1_default, first_ration, uniq_sigmund

Skill      XL: |  1  2 |
---------------+-------+-----
Dodging        | 2 |  2.0
Fighting       | |  2.5
Long Blades    | |  2.0
Throwing       | |  0.8
Armour         | |  0.7
Spellcasting   | |  2.4
Translocations | |  3.1

Action                   || total
-------------------------++-------
Melee: Falchion          ||    46
Throw: Stone             ||     7
       Boomerang         ||     5
 Cast: Blink             ||     1
 Abil: Spit Poison       ||     4
  Use: Scroll            ||     2
       Potion            ||     1
Armor: Robe              ||    13
Dodge: Dodged            ||    42
       Rpst.: Falchion   ||    12

Table legend:
 A = Non-vault XP
 B = Vault XP
 C = Vault XP percentage of total XP
 D = Non-vault monster count
 E = Vault monster count
 F = Vault count percentage of total count
                 A         B        C        D         E       F
            +---------+---------+-------+---------+---------+-------
      Total |      37 |       0 |   0.0 |      12 |       0 |   0.0
            +---------+---------+-------+---------+---------+-------
        D:1 |      33 |       0 |   0.0 |       9 |       0 |   0.0
        D:2 |       4 |       0 |   0.0 |       3 |       0 |   0.0
            +---------+---------+-------+---------+---------+-------
